 Dungeon Crawl Stone Soup version 0.22-a0-247-gbddf880 (webtiles) character file.

119 MatthieuS the Vexing (level 4, -2/54 HPs)
             Began as a Draconian Arcane Marksman on Feb 25, 2018.
             Slain by Partyfoot's ghost (7 damage)
             ... on level 3 of the Dungeon.
             The game lasted 00:06:01 (2286 turns).

MatthieuS the Vexing (Draconian Arcane Marksman)    Turns: 2286, Time: 00:06:02

Health: -2/54      AC:  5    Str: 16 (18) XL:     4   Next: 73%
Magic:  6/6        EV: 12    Int: 11 (13) God:
Gold:   123        SH:  0    Dex: 11 (12) Spells: 0/6 levels left

rFire    . . .     SeeInvis .   a - +1 short sword (venom)
rCold    . . .     Gourm    +   (no shield)
rNeg     . . .     Faith    .   (armour unavailable)
rPois    .         Spirit   .   (helmet restricted)
rElec    .         Reflect  .   (no cloak)
rCorr    .         Harm     .   (no gloves)
MR       .....                  (no boots)
Stlth    ..........             s - amulet of the gourmand
HPRegen  0.18/turn              i - ring of stealth
MPRegen  0.10/turn              h - +3 ring of slaying

@: berserking (expiring), flying (expiring), very quick
A: unfitting armour, cold-blooded, AC +5
a: no special abilities


You were on level 3 of the Dungeon.
You were not hungry.

You visited 1 branch of the dungeon, and saw 3 of its levels.

You collected 123 gold pieces.

Inventory:

Hand Weapons
 a - a +1 short sword of venom (weapon)
 w - a +0 shortbow
Missiles
 m - 22 arrows
 q - 7 poisoned javelins (quivered)
 t - a throwing net
Jewellery
 h - a +3 ring of slaying (right hand)
 i - a ring of stealth (left hand)
 s - an amulet of the gourmand (around neck)
Scrolls
 b - 2 scrolls of blinking {unknown}
 c - a scroll of remove curse {unknown}
 f - 4 scrolls of identify
 j - 2 scrolls of teleportation {unknown}
 o - a scroll of amnesia {unknown}
 p - 4 scrolls of fog {unknown}
 r - a scroll of enchant armour {unknown}
Potions
 l - 2 potions of curing
 n - a potion of invisibility {unknown}
Comestibles
 d - 4 rations


   Skills:
 + Level 2.2 Fighting
 + Level 0.8 Short Blades
 * Level 3.0 Bows
 + Level 2.4 Dodging
 - Level 1.6 Spellcasting
 - Level 3.0 Hexes


You couldn't memorise any spells.
You knew the following spells:

 Your Spells              Type           Power        Failure   Level  Hunger
a - Corona                Hex            #......      9%          1    ##.....
b - Slow                  Hex            #.......     13%         2    ###....
c - Inner Flame           Hex/Fire       #.......     43%         3    ####...


Dungeon Overview and Level Annotations

Branches:
Dungeon (3/15)

Altars:

Annotations:
D:3 Partyfoot's ghost, novice FoEE


Innate Abilities, Weirdness & Mutations

Your plain brown scales are hard. (AC +5)
You cannot fit into any form of body armour.
You are cold-blooded and may be slowed by cold attacks.


Message History

* * * LOW HITPOINT WARNING * * *
You puncture Partyfoot's ghost!
Partyfoot's ghost is severely damaged.
Partyfoot's ghost hits you but does no damage.
You hit Partyfoot's ghost.
Partyfoot's ghost is severely damaged.
Partyfoot's ghost hits you.
* * * LOW HITPOINT WARNING * * *
You barely miss Partyfoot's ghost.
Partyfoot's ghost is severely damaged.
You are too berserk!
You hit Partyfoot's ghost.
Partyfoot's ghost is severely damaged.
Partyfoot's ghost gestures at you while chanting.
The blast of sand hits you!
* * * LOW HITPOINT WARNING * * *
You puncture Partyfoot's ghost!
Partyfoot's ghost is almost destroyed.
Partyfoot's ghost hits you!
You die...

..# ...# #.# #.. ..# ...#
#.# ##. ..# ..# #.# #.
..# ((# #.# #######. #.#
#.# #.# #....... . #.#
#.# ##...... .. #.# #.#
#..≈≈.. #.####W####.#
##.≈..≈.
#......@....#####≈≈≈..≈.
...#####.##.....#≈≈≈..≈..
#..#...#.#≈≈...≈.⌠
##.#...#.#≈≈..≈..≈
#.##.##.#≈≈..≈..≈
#.##.##.##≈...≈≈.
#.##....###..÷...
#..#.######......
##.#()..).#....÷.


You could see Partyfoot's ghost.

Vanquished Creatures
  5 adders
  2 oozes
  An adder zombie (D:3)
  2 worms
  A dart slug (D:1)
  3 giant cockroaches (D:3)
  10 goblins
  8 hobgoblins
  7 kobolds
  A quokka (D:2)
  A ball python (D:2)
  5 bats
  2 frilled lizards
  7 rats
55 creatures vanquished.

Notes
Turn   | Place    | Note
-------+----------+-------------------------------------------
     0 | D:1      | MatthieuS the Draconian Arcane Marksman began the quest for the Orb.
     0 | D:1      | Reached XP level 1. HP: 16/16 MP: 2/2
   193 | D:1      | Reached XP level 2. HP: 12/23 MP: 3/3
   341 | D:1      | Learned a level 2 spell: Slow
   990 | D:2      | Reached XP level 3. HP: 21/28 MP: 5/5
  1449 | D:2      | Reached XP level 4. HP: 33/36 MP: 6/6
  1919 | D:3      | Learned a level 3 spell: Inner Flame
  2245 | D:3      | Noticed Partyfoot's ghost (novice FoEE)
  2286 | D:3      | Slain by Partyfoot's ghost

Vault maps used:
D:1:      scummos_arrival_star
D:3:      cheibrodos_helix_gallery, nicolae_overflow_hidden_temple, uniq_terence

Skill      XL: |  1  2  3  4 |
---------------+-------------+-----
Bows           | 2 3 |  3.0
Dodging        | 2 |  2.4
Hexes          | 3 |  3.0
Fighting       | 2 |  2.2
Short Blades   | |  0.8
Spellcasting   | |  1.6

Action                   |  1- 3 |  4- 6 || total
-------------------------+-------+-------++-------
Melee: Unarmed           |     7 |       ||     7
       Short sword       |       |    50 ||    50
       Tailslap          |       |    11 ||    11
 Fire: Shortbow          |    97 |    16 ||   113
Throw: Javelin           |    13 |       ||    13
  Use: Potion            |       |     4 ||     4
       Scroll            |       |     1 ||     1
 Stab: Sleeping          |       |     2 ||     2
  Eat: Chunk             |     1 |     6 ||     7
Armor: Skin              |    19 |    19 ||    38
Dodge: Dodged            |    41 |    21 ||    62

Table legend:
 A = Spawn XP
 B = Non-spawn XP
 C = Spawn XP percentage of total XP
 D = Spawn monster count
 E = Non-spawn monster count
 F = Spawn count percentage of total count
 G = Total turns spent on level
                    A         B        C        D         E        F      G
               +---------+---------+-------+---------+---------+-------+---------
         Total |       0 |     170 |   0.0 |       0 |      55 |   0.0 |  2286
               +---------+---------+-------+---------+---------+-------+---------
           D:1 |       0 |      31 |   0.0 |       0 |      13 |   0.0 |   952
           D:2 |       0 |      71 |   0.0 |       0 |      22 |   0.0 |   742
           D:3 |       0 |      68 |   0.0 |       0 |      20 |   0.0 |   592
               +---------+---------+-------+---------+---------+-------+---------
